[Event "Live Chess"]
[Site "Chess.com"]
[Date "2023.05.20"]
[Round "-"]
[White "guptarayan"]
[Black "AyannaTang"]
[Result "1-0"]
[WhiteElo "587"]
[BlackElo "176"]
[TimeControl "300"]
[EndTime "9:39:51 PDT"]
[Termination "guptarayan won by checkmate"]

1. e4 e5 2. Bc4 d5 3. Bxd5 c6 4. Bc4 Be6 5. Bxe6 fxe6 6. Qh5+ g6 7. Qxe5 Nf6 8. g4 Bd6 9. Qd4 O-O 10. g5 Ng4 11. e5 Bxe5 12. Qxg4 Qd7 13. Nf3 Bh8 14.
d4 Qf7 15. c4 Qxf3 16. Qxf3 Rxf3 17. Ke2 Rf8 18. Bd2 Na6 19. b4 Nc7 20. b5 cxb5 21. cxb5 Nxb5 22. Bb4 Nxd4+ 23. Ke3 Rfd8 24. Be7 Nc2+ 25.
Kf4 Re8 26. Bf6 Bxf6 27. gxf6 Nxa1 28. Nc3 Nc2 29. Kg5 Rec8 30. h4 Nb4 31. h5 gxh5 32. Rxh5 Nxa2 33. Nxa2 Rc2 34. Nb4 Rxf2 35. Rh4 Rg2+ 36.
Kh6 Rc8 37. Re4 Rc3 38. Rh4 a5 39. Na2 Rf3 40. Kh5 Rxf6 41. Re4 Rf3 42. Rh4 a4 43. Nb4 a3 44. Kh6 a2 45. Nxa2 Rxa2 46. Rg4+ Kh8 47. Rg7 Rff2 48. Rxb7 Ra3 49. Rb8+ Rf8 50. Rxf8# 1-0

[Event "Live Chess"]
[Site "Chess.com"]
[Date "2023.05.20"]
[Round "-"]
[White "jagbama"]
[Black "seuen"]
[Result "0-1"]
[WhiteElo "1106"]
[BlackElo "1149"]
[TimeControl "300"]
[EndTime "9:39:53 PDT"]
[Termination "seuen won by resignation"]

1. e4 c5 2. Nf3 Nc6 3. Bc4 e6 4. d3 d5 5. exd5 exd5 6. Qe2+ Be7 7. Bb5 Qa5+ 8. Nc3 d4 9. Bxc6+ bxc6 10. O-O dxc3 11. bxc3 Qxc3 12. Re1 Qxa1 13. Qxe7+ Nxe7 14. Rxe7+ Kxe7 15. Nd2 Qxc1+ 0-1

[Event "Live Chess"]
[Site "Chess.com"]
[Date "2023.05.20"]
[Round "-"]
[White "peter-785"]
[Black "alanmike75"]
[Result "1-0"]
[WhiteElo "1161"]
[BlackElo "1492"]
[TimeControl "300"]
[EndTime "9:39:59 PDT"]
[Termination "peter-785 won on time"]

1. e4 e5 2. Nf3 Nc6 3. Bc4 Be7 4. d4 exd4 5. Nxd4 Nf6 6. Nxc6 dxc6 7. Qxd8+ Bxd8 8. Nc3 O-O 9. O-O Re8 10. Re1 Ng4 11. h3 Ne5 12. Bb3 c5 13. a3 c6 14. Bf4 Ng6 15.
Bg3 Be6 16. Bxe6 Rxe6 17. Rad1 Nf8 18. Kf1 Bb6 19. Na4 Rae8 20. Nxb6 axb6 21. f3 b5 22. Rd2 c4 23. c3 g6 24. Red1 Rf6 25. Kg1 g5 26.
Bd6 Ne6 27. e5 Rg6 28. Kh2 h5 29. Re2 g4 30. fxg4 hxg4 31. h4 g3+ 32. Kg1 Rg4 33.
Re3 Kh7 34. Rf1 Nf4 35. e6 Rxe6 36. Rxe6 Nxe6 37. Rxf7+ Kg6 38. Rf3 Kh5 39. Rxg3 Rxh4 40.
Rh3 Rxh3 41. gxh3 Ng5 42. Kh2 Ne4 43. Bc7 Kh4 44. Bd8+ Kh5 45. h4 Nf2 46. Kg2 Nd3 47. Kf1 Nxb2 48. Ke2 1-0

[Event "Live Chess"]
[Site "Chess.com"]
[Date "2023.05.20"]
[Round "-"]
[White "MartinWalker4"]
[Black "Horseymobile"]
[Result "1-0"]
[WhiteElo "2088"]
[BlackElo "1231"]
[TimeControl "300"]
[EndTime "9:40:08 PDT"]
[Termination "MartinWalker4 won by checkmate"]

1. e4 c6 2. d4 d5 3. exd5 cxd5 4. c4 Nf6 5. Nc3 Bf5 6. Qb3 e6 7. Qxb7 Nbd7 8. cxd5 exd5 9. Nxd5 Qa5+ 10. Nc3 Rb8 11. Qf3 Bb4 12. Bd2 O-O 13. Bd3 Bg4 14. Qg3 Qb6 15. Nge2 Bd6 16. Qh4 Qxb2 17. Rb1 Qa3 18. O-O Bxe2 19. Bxe2 Rfe8 20. Bd3 Nd5 21. Qxh7+ Kf8 22. Nxd5 Qxd3 23. Qh8# 1-0

[Event "Live Chess"]
[Site "Chess.com"]
[Date "2023.05.20"]
[Round "-"]
[White "TheSmoulderingMaster"]
[Black "jameskwong"]
[Result "0-1"]
[WhiteElo "1789"]
[BlackElo "2178"]
[TimeControl "300"]
[EndTime "9:40:08 PDT"]
[Termination "jameskwong won by resignation"]

1. e4 c5 2. Nf3 d6 3. d4 cxd4 4.
Nxd4 Nf6 5. Nc3 Nc6 6. Be3 Ng4 7. Bg5 Qb6 8. Ncb5 a6 9. Be2 axb5 10.
Bxg4 Bxg4 11. Qxg4 Nxd4 0-1

[Event "Live Chess"]
[Site "Chess.com"]
[Date "2023.05.20"]
[Round "-"]
[White "ZackirtyChess"]
[Black "jennybobby44"]
[Result "0-1"]
[WhiteElo "1147"]
[BlackElo "1855"]
[TimeControl "300"]
[EndTime "9:40:10 PDT"]
[Termination "jennybobby44 won by checkmate"]

1. d4 Nf6 2. c4 e6 3. Nc3 d5 4. Bg5 Be7 5. Nf3 h6 6. Bh4 O-O 7. e3 a6 8. Bd3 dxc4 9. Bxc4 b5 10. Bd3 Bb7 11. O-O Nbd7 12. Ne5 Nxe5 13. dxe5 Nd5 14.
Nxd5 Bxh4 15. Nf4 Be7 16. Qc2 c5 17. Rfd1 Qc7 18. Rac1 Qxe5 19. Bh7+ Kh8 20. Bg6 Bg5 21. Bh7 Bxf4 22. exf4 Qxf4 23. Qxc5 Kxh7 24. Rd4 Qg5 25. Qxg5 hxg5 26. Rc3 Bd5 27. h4 Rac8 28. Rh3 Rc4 29.
hxg5+ Kg6 30. Rdd3 Rfc8 31. f4 Be4 32. Rde3 Bf5 33.
Rh4 Rc1+ 34. Kh2 R8c2 35. Rb3 Rb1 36. Ra3 Rbxb2 37. Rg3 Rxa2 38. Rh8 a5 39. Rb8 b4 40. Rb5 Rcb2 41. Kh1 Be4 42. Kg1 Rxg2+ 43. Rxg2 Rxg2+ 44. Kf1 Ra2 45. Ke1 Bf5 46. Kd1 Rf2 47. Ke1 Rxf4 48.
Kd1 Kxg5 49. Ke1 e5 50. Kd1 e4 51. Ke1 e3 52. Kd1 Rf2 53. Ke1 Kf4 54. Kd1 Bd3 55.
Kc1 Bxb5 56. Kd1 e2+ 57. Ke1 Rf1+ 58. Kd2 e1=Q+ 59. Kc2 Qe2+ 60. Kb3 Rf3# 0-1

[Event "Live Chess"]
[Site "Chess.com"]
[Date "2023.05.20"]
[Round "-"]
[White "seasidecastle27"]
[Black "zdanevych"]
[Result "0-1"]
[WhiteElo "1825"]
[BlackElo "1516"]
[TimeControl "300"]
[EndTime "9:40:11 PDT"]
[Termination "zdanevych won by resignation"]

1. e4 c5 2. Nf3 e6 3. d3 d5 4.
exd5 Qxd5 5. g3 Nf6 6. Bg2 Qd8 7. O-O Nc6 8. Nc3 h6 9. Bf4 Bd6 10. Bxd6 Qxd6 11. Nb5 Qd8 12. c3 a6 13. Na3 O-O 14.
Nc2 Bd7 15. d4 cxd4 16. Nfxd4 Nxd4 17. Nxd4 Nd5 18. Nf5 Bc6 19. Nd4 Rc8 20. Nxc6 bxc6 21.
Qe2 Qb6 22. Rfd1 Rfd8 23. Rd2 Rd7 24. Rad1 Rcd8 25. c4 Nf6 26. Rxd7 Rxd7 27. Rxd7 Nxd7 28. b3 Nf6 29. Qd2 Qc7 30. Qb4 c5 31. Qb7 Qxb7 32.
Bxb7 a5 33. Kf1 Kf8 34. Ke2 Ke7 35. Kd3 Kd6 36. Kc3 Ng4 37. f4 Nxh2 38. a3 Nf1 39. b4 cxb4+ 40. axb4 axb4+ 41. Kxb4 Nxg3 42. c5+ Kc7 43.
Bf3 Nf5 44. Kc4 f6 45. Kd3 g5 46. fxg5 hxg5 47. Bh5 Kc6 48. Bf7 e5 0-1

[Event "Live Chess"]
[Site "Chess.com"]
[Date "2023.05.20"]
[Round "-"]
[White "alexlines8"]
[Black "HD_IN4k"]
[Result "1-0"]
[WhiteElo "1271"]
[BlackElo "297"]
[TimeControl "300"]
[EndTime "9:40:11 PDT"]
[Termination "alexlines8 won by checkmate"]

1. e4 e5 2. Nc3 Bc5 3. f4 exf4 4. Nf3 g5 5. d4 Bb6 6. h3 h5 7. Bc4 Nf6 8. e5 g4 9. hxg4 Nxg4 10. Bxf4 Nc6 11.
Qd2 Bxd4 12. Nxd4 Nxd4 13. Qxd4 c6 14. O-O-O f6 15. exf6 Rf8 16. f7+ Rxf7 17. Bxf7+ Kxf7 18. Rxh5 b6 19. Rh7+ Kg8 20. Qg7# 1-0

[Event "Live Chess"]
[Site "Chess.com"]
[Date "2023.05.20"]
[Round "-"]
[White "Fazer180"]
[Black "ChessTWSS"]
[Result "0-1"]
[WhiteElo "1720"]
[BlackElo "1710"]
[TimeControl "300"]
[EndTime "9:40:17 PDT"]
[Termination "ChessTWSS won on time"]

1. e4 c5 2. Nf3 Nc6 3. d4 cxd4 4.
Nxd4 Nxd4 5. Qxd4 e6 6. Nc3 Ne7 7. Nb5 Nc6 8. Nd6+ Bxd6 9. Qxd6 Qe7 10. Qg3 Qb4+ 11. c3 Qxe4+ 12. Be2 O-O 13. Be3 b6 14. O-O-O Bb7 15. Rxd7 Nb4 16. cxb4 Qc6+ 17. Kb1 Qxd7 18. Bh6 Be4+ 19. Ka1 f5 20. Rd1 Qe7 21. f3 Bc6 22. Rd6 Bb7 23. Rxe6 Qd7 24. Rd6 Qc7 25. Bc4+ Kh8 26. b3 gxh6 27. Qe5+ Qg7 28. Qxg7+ Kxg7 29. Rd7+ Kf6 30. Rxb7 Rfd8 31. Rxh7 Rd2 32. Rxh6+ Kg5 33. Rh7 Re8 34. Rg7+ Kf6 35. Rf7+ Kg6 36. Bd3 Kxf7 37.
Bb1 Rd1 38. Kb2 Ree1 39. Bc2 Rd2 40. Kc3 Rxc2+ 41. Kd4 Ree2 0-1

[Event "Live Chess"]
[Site "Chess.com"]
[Date "2023.05.20"]
[Round "-"]
[White "Argrath"]
[Black "domrobson"]
[Result "1-0"]
[WhiteElo "1493"]
[BlackElo "1711"]
[TimeControl "300"]
[EndTime "9:40:18 PDT"]
[Termination "Argrath won by resignation"]

1. e4 e5 2. Nf3 Nc6 3. Bb5 a6 4. Ba4 Nf6 5. d3 d6 6. c3 b5 7. Bb3 Bg4 8. Nbd2 d5 9. h3 Bxf3 10. Qxf3 dxe4 11. dxe4 Bc5 12. O-O O-O 13. Rd1 Qe7 14. Nf1 Rad8 15. Be3 Na5 16. Bc2 Nc4 17. b3 Nxe3 18. Nxe3 c6 19. Nf5 Qa7 20. Qg3 g6 21. Qg5 Be7 22. Nh6+ Kh8 23. Qg3 Nh5 24. Qf3 Bg5 25.
Ng4 f6 26. g3 f5 27. exf5 gxf5 28. Nxe5 1-0

[Event "Live Chess"]
[Site "Chess.com"]
[Date "2023.05.20"]
[Round "-"]
[White "mach247"]
[Black "akp42"]
[Result "0-1"]
[WhiteElo "1335"]
[BlackElo "1953"]
[TimeControl "300"]
[EndTime "9:40:23 PDT"]
[Termination "akp42 won - game abandoned"]

1. d4 Nf6 2. Nc3 d5 3. Bf4 e6 4. Nb5 Na6 5. e3 c6 6. Nc3 Bd6 7. Bg3 O-O 8. Nf3 b5 9. a4 b4 10. Nb1 c5 11. dxc5 Nxc5 12. Be2 Nce4 13. O-O Nxg3 14.
hxg3 a5 15. c3 Ba6 16. Bxa6 Rxa6 17. Nd4 Qb6 18. Nb5 Be7 19. Qd4 Rc8 20. Qxb6 Rxb6 21.
cxb4 Bxb4 22. N1c3 Kf8 23. Rac1 Rc4 24. b3 Rcc6 25.
Rfd1 Bxc3 26. Rxc3 Rxc3 27. Nxc3 Rxb3 28. Nb5 Rb4 0-1

[Event "Live Chess"]
[Site "Chess.com"]
[Date "2023.05.20"]
[Round "-"]
[White "Brooms1989"]
[Black "cedarsmaster"]
[Result "1-0"]
[WhiteElo "966"]
[BlackElo "1776"]
[TimeControl "300"]
[EndTime "9:40:29 PDT"]
[Termination "Brooms1989 won on time"]

1. e4 e6 2. d4 d5 3. Nc3 f5 4. exf5 exf5 5. Nf3 Nf6 6. Bd3 Nc6 7. O-O Be7 8. Bg5 O-O 9. Qd2 Ne4 10. Bxe7 Nxd2 11.
Bxd8 Nxf3+ 12. gxf3 Rxd8 13. Rfe1 Nxd4 14. Kg2 c6 15.
Re3 Ne6 16. Rae1 Nf4+ 17. Kf1 Nxd3 18. cxd3 d4 19. Re8+ Rxe8 20. Rxe8+ Kf7 21. Rh8 dxc3 22. bxc3 b6 23. Rxh7 Ba6 24. c4 Re8 25. Rh5 Kg6 26.
Rh3 f4 27. Rh4 Kf5 28. Rg4 g5 29. h4 gxh4 30. Rxh4 Re7 31. Rh5+ Kg6 32. Rh4 Kg5 33. Rg4+ Kf5 34. Rh4 c5 35. Rh5+ Kg6 36. Rh4 Kg5 37. Rg4+ Kf5 38. Rh4 Rg7 39. Rh5+ Kf6 40. Rh6+ Ke5 41.
Rh5+ Kd4 42. Rf5 1-0

[Event "Live Chess"]
[Site "Chess.com"]
[Date "2023.05.20"]
[Round "-"]
[White "CocheseUK"]
[Black "jusjoel"]
[Result "1/2-1/2"]
[WhiteElo "1113"]
[BlackElo "297"]
[TimeControl "300"]
[EndTime "9:40:29 PDT"]
[Termination "Game drawn by agreement"]

1. c4 d6 2. g3 c5 3. Bg2 Qa5 4. Nc3 Be6 5. Bxb7 d5 6. cxd5 Qb6 7. Bxa8 g6 8. Bc6+ Kd8 9. Na4 Qa6 10.
Nxc5 Qa5 11. Nxe6+ fxe6 12. dxe6 Nxc6 13. Nf3 Nf6 14. O-O Kc7 15. d4 Kd6 16. Bf4+ Kxe6 17. Ng5+ Kf5 18. f3 h6 19. Qd3+ Ne4 20. Qxe4+ Kf6 21.
Qxc6+ e6 22. Qxe6+ Kg7 23. Qxg6+ Kxg6 24. Ne4 Qb4 25.
Be5 Rh7 26. b3 Rd7 27. Rfd1 Bg7 28. Bxg7 1/2-1/2

[Event "Live Chess"]
[Site "Chess.com"]
[Date "2023.05.20"]
[Round "-"]
[White "RedRook90"]
[Black "YrrriKharkiv"]
[Result "0-1"]
[WhiteElo "1962"]
[BlackElo "2156"]
[TimeControl "300"]
[EndTime "9:40:33 PDT"]
[Termination "YrrriKharkiv won by resignation"]

1. c4 Nf6 2. g3 e6 3. Bg2 d5 4. cxd5 exd5 5. Nf3 c6 6. O-O Bd6 7. d4 Nbd7 8. Nc3 O-O 9. Bg5 Re8 10. e3 h6 11.
Bxf6 Nxf6 12. Qc2 Bg4 13. Na4 Ne4 14. a3 Bf5 15. Qc1 Qd7 16. b4 b6 17. Nb2 Rac8 18. Nh4 Bh3 19. Nd3 Ng5 20. Qd1 Bg4 21. Qc2 Bh3 22.
Qd1 Ne4 23. Nf3 f6 24. Rc1 Bg4 25. Qc2 Ng5 26. Nf4 Nxf3+ 27. Bxf3 Bxf3 28. Ng2 Qh3 29. Ne1 Be4 30. Qe2 Qe6 31. f3 Bg6 32. Ng2 Bf5 33.
Rfe1 Bh3 34. Rc3 Bxg2 35. Kxg2 h5 36. h4 Qf5 37. e4 dxe4 38. fxe4 Qg4 39. Re3 Qxe2+ 40.
R1xe2 Re7 41. Kf3 Rce8 42. Re1 c5 43. bxc5 bxc5 44. dxc5 Bxc5 45. R3e2 Bxa3 46. Ra2 Bc5 47. Ra5 Bb6 48. Rb5 g6 49. Rb3 Kf7 50. Rd3 f5 51.
Rd5 Rxe4 52. Rxe4 Rxe4 0-1

[Event "Live Chess"]
[Site "Chess.com"]
[Date "2023.05.20"]
[Round "-"]
[White "SimpleHarmonic1"]
[Black "MizYanKo"]
[Result "1-0"]
[WhiteElo "2076"]
[BlackElo "564"]
[TimeControl "300"]
[EndTime "9:40:33 PDT"]
[Termination "SimpleHarmonic1 won by checkmate"]

1. d4 d5 2. c4 Qd6 3. Nc3 Qf6 4. Nf3 e5 5. Nxd5 exd4 6. Nxc7+ Kd7 7. Nxa8 Kc6 8.
Nxd4+ Kc5 9. Nb3+ Kxc4 10. Qd3+ Kb4 11. Bd2+ Ka4 12. Nc5+ Bxc5 13. Qb3# 1-0

[Event "Live Chess"]
[Site "Chess.com"]
[Date "2023.05.20"]
[Round "-"]
[White "1600x"]
[Black "Alan_Richardson"]
[Result "0-1"]
[WhiteElo "1303"]
[BlackElo "1660"]
[TimeControl "300"]
[EndTime "9:40:36 PDT"]
[Termination "Alan_Richardson won by checkmate"]

1. e4 c5 2. Qe2 Nc6 3. Nf3 g6 4. Nc3 Bg7 5. b3 d6 6. Bb2 Bg4 7. h3 Nd4 8. Qd3 Bxf3 9. gxf3 Nf6 10. f4 O-O 11. O-O-O Nh5 12. e5 Nxf4 13. Qe4 Bxe5 14. Bc4 a6 15. Nd5 b5 16. Nxf4 bxc4 17. Bxd4 cxd4 18.
Qf3 Qa5 19. bxc4 Qxa2 20. Qb3 Qxb3 21. cxb3 Bxf4 22. Kc2 Rfb8 23. Ra1 Rb6 24. h4 Rab8 25. Ra3 h5 26. d3 e5 27. Rb1 Kg7 28. f3 Kf6 29. b4 Rxb4 30. Rxb4 Rxb4 31. Rxa6 Ke6 32. c5 e4 33. fxe4 f5 34. exf5+ gxf5 35. c6 d5 36. c7+ Kd7 37. Rf6 Rb7 38. c8=Q+ Kxc8 39. Rf8+ Kc7 40. Kd1 Kc6 41. Rf6+ Kc5 42. Ke2 Bg3 43. Kf3 Bxh4 44. Rxf5 Rh7 45. Kg2 Be1 46. Kh2 h4 47. Kg2 h3+ 48.
Kh2 Bg3+ 49. Kxg3 h2 50. Rf1 h1=Q 51. Rxh1 Rxh1 52. Kg2 Rd1 53. Kf3 Rxd3+ 54. Ke2 Re3+ 55. Kd2 Rh3 56. Ke2 Kc4 57. Kd2 d3 58. Kd1 Rh2 59.
Ke1 Kc3 60. Kd1 Rh1# 0-1

[Event "Live Chess"]
[Site "Chess.com"]
[Date "2023.05.20"]
[Round "-"]
[White "chrisbradgate"]
[Black "toog"]
[Result "0-1"]
[WhiteElo "830"]
[BlackElo "2635"]
[TimeControl "300"]
[EndTime "9:40:36 PDT"]
[Termination "toog won by checkmate"]

1. d4 Nf6 2. Bf4 e6 3. e3 b6 4. c3 Bb7 5. Nf3 Be7 6. Bd3 O-O 7. O-O d6 8. Nbd2 Nbd7 9. Re1 Re8 10. h3 Bf8 11. e4 e5 12. dxe5 dxe5 13. Bg3 Nh5 14.
Bh4 Be7 15. Bxe7 Qxe7 16. Qc2 Rad8 17. Re2 Nf4 18. Re3 Nc5 19. Ne1 Qf6 20. Rd1 Qg6 21.
Rg3 Qh5 22. Bb5 c6 23. Be2 Nxe2+ 24. Kh2 Nxg3 25. fxg3 Nxe4 26. Nxe4 Qxd1 27. Qxd1 Rxd1 28.
Nf3 c5 29. Nfg5 h6 30. Nf3 Bxe4 31. Nh4 Rd2 32. g4 g5 33. Ng6 Rxg2+ 34. Kh1 fxg6 35. h4 Rd8 36. hxg5 Rd1# 0-1

[Event "Live Chess"]
[Site "Chess.com"]
[Date "2023.05.20"]
[Round "-"]
[White "nigelst"]
[Black "JanMur7"]
[Result "1/2-1/2"]
[WhiteElo "1852"]
[BlackElo "1974"]
[TimeControl "300"]
[EndTime "9:40:40 PDT"]
[Termination "Game drawn by repetition"]

1. e4 e5 2. Nf3 Nc6 3. Bb5 Nf6 4. O-O Nxe4 5. d4 Nd6 6. Bxc6 dxc6 7. dxe5 Nf5 8.
Qxd8+ Kxd8 9. Bg5+ Ke8 10. Rd1 Ne7 11. Nc3 Bf5 12. Rd2 Ng6 13. Rad1 Be7 14. Bxe7 Kxe7 15. Nd4 Bc8 16. Nf3 Bf5 17. h3 h5 18. Nd4 Bc8 19.
Kh2 h4 20. Nf3 Be6 21. Ne4 Rad8 22. Rxd8 Rxd8 23. Rxd8 Kxd8 24. Nc5 Bc8 25. Kg1 b6 26. Nd3 Bf5 27. Nb4 Be4 28. Ng5 Bd5 29. Nxd5 cxd5 30.
Nf3 c5 31. Kf1 Ke7 32. Ke2 Ke6 33. Ng5+ Ke7 34. Nf3 Nf4+ 35. Kf1 Ng6 36. Ke2 1/2-1/2

[Event "Live Chess"]
[Site "Chess.com"]
[Date "2023.05.20"]
[Round "-"]
[White "ethanredball"]
[Black "OBrightwell100"]
[Result "0-1"]
[WhiteElo "660"]
[BlackElo "1330"]
[TimeControl "300"]
[EndTime "9:40:41 PDT"]
[Termination "OBrightwell100 won by checkmate"]

1. e4 e5 2. d4 exd4 3. Qxd4 Nc6 4. Qd1 Qh4 5. Nc3 Nf6 6. Qe2 Bb4 7. g3 Bxc3+ 8. bxc3 Qxe4 9. Qxe4+ Nxe4 10. Bg2 Nxc3 11. Bd2 Nd5 12. Bxd5 Ne7 13. Bf3 O-O 14. Bf4 d6 15.
Ne2 Nf5 16. O-O Re8 17. g4 Nh4 18. Rae1 Nxf3+ 19. Kg2 Nxe1+ 20. Rxe1 Bxg4 21. Kf1 Bxe2+ 22. Rxe2 Rxe2 23. Kxe2 Re8+ 24. Kf3 Re6 25. Be3 Rf6+ 26. Ke4 Re6+ 27. Kd3 Rh6 28. Bxh6 gxh6 29. Kc4 Kg7 30. Kb5 Kf6 31. c4 Kf5 32. c5 dxc5 33. Kxc5 Kf4 34.
Kd5 Kf3 35. a4 Kxf2 36. Ke5 Kg2 37. Kf6 Kxh2 38. Kxf7 c5 39. Ke6 c4 40. Kd5 c3 41.
Kd4 c2 42. Kc3 c1=Q+ 43. Kb3 Kg2 44. Kb4 Kf3 45. Kb5 Ke4 46. a5 Qb1+ 47. Kc5 Qc2+ 48. Kb5 Qb3+ 49. Kc5 Qd5+ 50. Kb4 Qc6 51. Kb3 Qc5 52. Ka4 b5+ 53. Kb3 Qc4+ 54. Ka3 b4+ 55. Ka4 b3+ 56. Ka3 Qc2 57. Kb4 b2 58. Kb5 b1=Q+ 59.
Ka6 Qc6+ 60. Kxa7 Qbb7# 0-1

[Event "Live Chess"]
[Site "Chess.com"]
[Date "2023.05.20"]
[Round "-"]
[White "VovaOvchar1990"]
[Black "MrDodgy"]
[Result "0-1"]
[WhiteElo "1201"]
[BlackElo "2325"]
[TimeControl "300"]
[EndTime "9:40:46 PDT"]
[Termination "MrDodgy won on time"]

1. e4 c5 2. Bc4 e6 3. d4 cxd4 4. Qxd4 Nc6 5. Qd1 Nf6 6. Nc3 Bb4 7. Ne2 Nxe4 8. a3 Nxc3 9. Nxc3 Be7 10. O-O O-O 11.
h3 d5 12. Be2 b6 13. Bf3 Bb7 14. Bf4 Rc8 15. Re1 Bf6 16. Nb5 e5 17. Bg3 d4 18.
Bxc6 Bxc6 19. Nxa7 Qd5 20. f3 Rce8 21. c4 dxc3 22. Qxd5 Bxd5 23. bxc3 Re6 24. Nb5 Bc4 25. Nc7 Rc6 26. Bxe5 Bxe5 27. Rxe5 Rxc7 28. Rb1 b5 29.
Rb4 Ra8 30. Kh2 g6 31. g4 Rxa3 32. Kg3 Rxc3 33. h4 Rd7 34. Re4 Rdd3 35. Re8+ Kg7 0-1

[Event "Live Chess"]
[Site "Chess.com"]
[Date "2023.05.20"]
[Round "-"]
[White "friarnator"]
[Black "Rusty_Bridges"]
[Result "1-0"]
[WhiteElo "1978"]
[BlackElo "1409"]
[TimeControl "300"]
[EndTime "9:40:51 PDT"]
[Termination "friarnator won by resignation"]

1. e4 d6 2. d4 Nf6 3. Nc3 Nbd7 4. Be2 e5 5. Be3 h6 6. h3 Be7 7. Nf3 c6 8. a4 Qc7 9. O-O g5 10. Nh2 Nf8 11. a5 Ng6 12. a6 b6 13. d5 c5 14.
Bb5+ Kf8 15. Bc6 Rb8 16. Nb5 Qd8 17. Nxa7 Nf4 18. Nxc8 Qxc8 19. a7 Ra8 20. Bxa8 Qxa8 21. Bxf4 gxf4 22. Ng4 Nxe4 23. Qd3 Ng5 24. Qb5 Qxa7 25.
Rxa7 1-0

[Event "Live Chess"]
[Site "Chess.com"]
[Date "2023.05.20"]
[Round "-"]
[White "PaulHumphreys"]
[Black "JashonTOGM"]
[Result "1-0"]
[WhiteElo "1367"]
[BlackElo "1008"]
[TimeControl "300"]
[EndTime "9:41:13 PDT"]
[Termination "PaulHumphreys won by resignation"]

1. d4 d5 2. Nc3 Nf6 3. Bf4 Bf5 4. Nb5 Na6 5. e3 Qd7 6. a4 O-O-O 7. Nxa7+ Kb8 8. Nb5 Nb4 9. Rc1 e6 10. c3 Nc2+ 11.
Rxc2 Bxc2 12. Qxc2 Ne4 13. f3 Nf6 14. Nxc7 Ka7 15. Nb5+ 1-0

[Event "Live Chess"]
[Site "Chess.com"]
[Date "2023.05.20"]
[Round "-"]
[White "Hacker_2009"]
[Black "PackedNote"]
[Result "1-0"]
[WhiteElo "1913"]
[BlackElo "781"]
[TimeControl "300"]
[EndTime "9:41:16 PDT"]
[Termination "Hacker_2009 won by checkmate"]

1. d4 d5 2. Nf3 Nf6 3. e3 Bg4 4.
c4 e6 5. Nc3 Be7 6. Be2 O-O 7.
O-O c6 8. b3 Nbd7 9. Bb2 h6 10.
Rc1 a6 11. cxd5 cxd5 12. Ne5 Bxe2 13. Qxe2 Nxe5 14. dxe5 Nd7 15. Na4 Rc8 16. Rfd1 f6 17. exf6 Bxf6 18. Bxf6 Qxf6 19. Nb2 Rxc1 20. Rxc1 Re8 21.
Nd3 Nb6 22. h3 Rc8 23. Rxc8+ Nxc8 24. Qc2 Nd6 25. Nf4 e5 26. Nxd5 Qe6 27. Nb6 Nb5 28.
Qc4 Qxc4 29. Nxc4 e4 30. Kh2 Kf7 31. Kg3 Ke6 32. Kf4 Kd5 33. Nb6+ Kc5 34. Nd7+ Kd5 35. a4 Nc3 36. Kf5 b5 37. axb5 Nxb5 38. Kg6 Kd6 39. Nb6 Kc5 40. Nc4 Nc3 41. Kxg7 Nd1 42. Kxh6 Nxf2 43. Kg5 Nd3 44. h4 Kb4 45. h5 Kxb3 46. Nb6 a5 47. h6 a4 48. h7 a3 49.
h8=Q a2 50. Nd5 Nb2 51. Qc3+ Ka4 52. Qb4# 1-0

[Event "Live Chess"]
[Site "Chess.com"]
[Date "2023.05.20"]
[Round "-"]
[White "ickabod1100"]
[Black "MaximKris"]
[Result "0-1"]
[WhiteElo "931"]
[BlackElo "1820"]
[TimeControl "300"]
[EndTime "9:41:26 PDT"]
[Termination "MaximKris won by resignation"]

1. e4 e5 2. Nf3 Nc6 3. d4 exd4 4. Nxd4 Nxd4 5. Qxd4 Qf6 6. Qxf6 Nxf6 7. Nc3 d6 8. Bg5 Be6 9. Bxf6 gxf6 10. O-O-O O-O-O 11. f4 f5 12. e5 dxe5 13. Rxd8+ Kxd8 14. fxe5 Bh6+ 15. Kb1 Kc8 16. Be2 Rd8 17. b3 Rd2 18. Bf3 Be3 19. Nb5 a6 20. Na3 Bd4 21. Nc4 Bxc4 22.
bxc4 Bxe5 23. Bh5 Rd6 24. Bxf7 Rb6+ 25. Kc1 Bf4+ 26. Kd1 Rb1+ 0-1

[Event "Live Chess"]
[Site "Chess.com"]
[Date "2023.05.20"]
[Round "-"]
[White "vinni3012"]
[Black "CheckString"]
[Result "1-0"]
[WhiteElo "1881"]
[BlackElo "1349"]
[TimeControl "300"]
[EndTime "9:41:29 PDT"]
[Termination "vinni3012 won by resignation"]

1. d4 c6 2. c4 d5 3. cxd5 cxd5 4. Nc3 Nc6 5. Nf3 Nf6 6. e3 a6 7. h3 e6 8. Bd2 Bd6 9. Bd3 O-O 10.
O-O b5 11. Rc1 Bb7 12. Qe2 Rc8 13. Bb1 Qe7 14. e4 Rfe8 15. e5 Bb4 16. exf6 Qxf6 17.
Qd3 g6 18. Ne2 Bxd2 19. Qxd2 Nd8 20. Rxc8 Bxc8 21. Rc1 Nb7 22. Ne5 Nd6 23. b3 Ne4 24. Bxe4 dxe4 25. Ng3 Rd8 26. Nxe4 Qxe5 27. dxe5 Rxd2 28.
Nxd2 Bb7 29. f3 Kg7 30. Ne4 f6 31. exf6+ Kf7 32. Rc7+ Ke8 33. Rxb7 Kf8 34. Rxh7 Ke8 35. f7+ 1-0

[Event "Live Chess"]
[Site "Chess.com"]
[Date "2023.05.20"]
[Round "-"]
[White "Tushinskiy"]
[Black "Jeffaroow"]
[Result "1-0"]
[WhiteElo "2095"]
[BlackElo "451"]
[TimeControl "300"]
[EndTime "9:41:31 PDT"]
[Termination "Tushinskiy won by resignation"]

1. d4 d5 2. c3 Nc6 3. Nf3 Nf6 4.
Bf4 Bf5 5. Bg3 e6 6. e3 Bd6 7. Bd3 Bxg3 8. hxg3 Bxd3 9. Qxd3 O-O 10. Nbd2 h6 11. O-O-O Ne4 12. Nxe4 dxe4 13. Qxe4 f5 14. Qxe6+ Rf7 15. d5 Na5 16. Ne5 1-0

[Event "Live Chess"]
[Site "Chess.com"]
[Date "2023.05.20"]
[Round "-"]
[White "Hussamalhaidar"]
[Black "ramses-IIG"]
[Result "1-0"]
[WhiteElo "969"]
[BlackElo "743"]
[TimeControl "300"]
[EndTime "9:41:54 PDT"]
[Termination "Hussamalhaidar won by resignation"]

1. b3 d5 2. Bb2 Nc6 3. e3 e5 4.
Bb5 Bd7 5. Bxc6 Bxc6 6. Bxe5 f6 7.
Bb2 Bb4 8. Nf3 Qe7 9. O-O h5 10. a3 Bd6 11. d3 O-O-O 12. c4 h4 13. h3 Be8 14. Nbd2 Bh5 15. b4 Bxf3 16. Nxf3 dxc4 17.
d4 Nh6 18. Nxh4 g5 19. Ng6 Qe6 20. Nxh8 Rxh8 21. Qf3 Nf5 22. d5 Nh4 23. Qxf6 Qe4 24. Qxh8+ Kd7 25. Qg7+ Be7 26. f3 Qxe3+ 27. Rf2 c3 28.
Qxc3 Qf4 29. Re1 Qh2+ 30. Kxh2 1-0

[Event "Live Chess"]
[Site "Chess.com"]
[Date "2023.05.20"]
[Round "-"]
[White "luckywookie"]
[Black "ReeceHockton"]
[Result "1-0"]
[WhiteElo "719"]
[BlackElo "321"]
[TimeControl "300"]
[EndTime "9:41:54 PDT"]
[Termination "luckywookie won by checkmate"]

1. e4 e5 2. c3 Nc6 3. Nf3 d6 4. d4 exd4 5. cxd4 f6 6. Nc3 Bg4 7. d5 Ne5 8. Be2 Nxf3+ 9. Bxf3 Bxf3 10. Qxf3 Ne7 11. O-O h6 12. Qh5+ Kd7 13. Qf7 Qe8 14.
Qe6+ Kd8 15. Nb5 Qxb5 16. b3 a5 17. a4 Qxb3 18. Be3 Qb4 19. Rfb1 Qc3 20. Rc1 Qb2 21. Rab1 Qa2 22. Rxb7 g5 23. Rbxc7 Qb2 24. Qd7# 1-0

[Event "Live Chess"]
[Site "Chess.com"]
[Date "2023.05.20"]
[Round "-"]
[White "Supertromp"]
[Black "OSmith06"]
[Result "1-0"]
[WhiteElo "2164"]
[BlackElo "1736"]
[TimeControl "300"]
[EndTime "9:41:58 PDT"]
[Termination "Supertromp won by resignation"]

1. e4 c6 2. d4 d5 3. exd5 cxd5 4.
Bd3 Nc6 5. c3 e5 6. dxe5 Nxe5 7.
Bc2 Nf6 8. Nf3 Bd6 9. h3 O-O 10.
O-O Re8 11. Bg5 h6 12. Bh4 b6 13. Nbd2 Bb7 14. Nxe5 Bxe5 15. Nf3 Bd6 16. Nd4 Rc8 17. Qd3 g6 18. Rae1 Rxe1 19. Rxe1 g5 20. Bg3 Bxg3 21. Qxg3 Ne4 22. Qg4 Qf6 23. f3 Nd6 24. h4 Re8 25. Rxe8+ Nxe8 26. hxg5 Qxg5 27. Qd7 Qe3+ 28. Kh1 Qe1+ 29.
Kh2 Qh4+ 30. Qh3 Qf4+ 31. Qg3+ Qxg3+ 32. Kxg3 Nf6 33. Kf4 Kg7 34. g4 a6 35. Nf5+ Kg6 36. Nd6+ 1-0

[Event "Live Chess"]
[Site "Chess.com"]
[Date "2023.05.20"]
[Round "-"]
[White "Ocelot32"]
[Black "therealab0ne"]
[Result "1-0"]
[WhiteElo "1391"]
[BlackElo "677"]
[TimeControl "300"]
[EndTime "9:42:12 PDT"]
[Termination "Ocelot32 won by checkmate"]

1. e4 g6 2. d4 Bg7 3. Nf3 d6 4. c4 a6 5. Nc3 Bd7 6. Be2 b5 7. cxb5 axb5 8. Bxb5 e5 9. d5 Bxb5 10. Nxb5 Nd7 11. O-O Rc8 12. Bg5 Ngf6 13. Re1 Nc5 14. b3 Qd7 15. Na7 Rb8 16. Nc6 Nfxe4 17. Nxb8 Qb5 18.
Nc6 Nxg5 19. Nxg5 Nd3 20. Qf3 e4 21. Qxf7# 1-0